Map: Site Delta LE

Players

OrangePoet - Winner!

  • Race: Terran Terran
  • League: Bronze
  • Spawn Location: 5:00

VOD

Have the link to the VOD?

Description

Time

  • Played on: Nov. 23, 2023, 9:10 p.m.
  • Length: 12:14
Show
View Real Time Build Order
Export as new Build Order

OrangePoet Terran - Winner!

Build Orders:  

Get SALT Encoding   

  12  0:00  SCV  
  13  0:18  SCV  
  14  0:30  Supply Depot  
  14  0:39  SCV  
  15  1:00  SCV  
  16  1:15  Barracks  
  16  1:20  SCV  
  17  1:32  Supply Depot  
  17  1:41  SCV  
  18  1:58  SCV  
  19  2:22  Orbital Command  
  19  2:26  Marine  
  20  2:36  Barracks  
  20  2:49  Barracks  
  20  2:56  Marine  
  21  3:02  SCV  
  22  3:22  SCV  
  22  3:25  Marine  
  24  3:42  SCV  
  25  3:57  Barracks  
  25  4:03  SCV  
  25  4:07  Command Center  
  26  4:24  SCV  
  27  4:41  SCV  
  28  4:58  SCV  
  29  5:15  SCV  
  29  5:16  Supply Depot  
  29  5:17  Marine  
  31  5:46  Marine x2  
  33  6:01  Marine  
  33  6:02  Marine  
  35  6:28  Barracks  
  35  6:33  Supply Depot  
  35  6:35  Command Center  
  35  6:51  SCV  
  36  7:15  SCV  
  36  7:16  SCV  
  38  7:32  SCV  
  47  7:40  SCV  
  39  7:49  Marine x3  
  43  7:50  Marine x2  
  43  7:53  SCV  
  46  8:09  Barracks  
  46  8:14  Marine x3  
  46  8:15  Marine x2  
  46  8:16  SCV x2  
  53  8:27  SCV  
  54  8:38  Marine, SCV  
  54  8:39  Marine x2  
  58  8:40  Marine x2  
  59  9:03  Marine  
  59  9:04  Marine x3  
  59  9:05  Marine  
  60  9:28  Marine  
  60  9:29  Marine x3  
  62  9:30  Marine  
  63  9:40  Marine  
  64  9:53  Marine  
  64  9:54  Marine x3  
  64  9:55  Marine  
  69  10:05  Marine  
  70  10:20  SCV  
  70  10:21  Marine  
  70  10:22  Marine x3  
  70  10:23  Marine  
  75  10:30  Marine  
  75  10:37  SCV  
  77  10:42  Unknown  
  77  11:27  Supply Depot  
Tags
 
League
Bronze
Matchup
Co-op
Add a new tag
Caveats
  • Supply blocks, unpowered buildings, or Contaminate may cause inaccurate times.
  • Supply counts are checked every 10 seconds.